[Event "Late-Titled-Tuesday-Blitz-March-12-2024"]
[Site "Chess.com"]
[Date "2024.03.12"]
[Round "4"]
[White "marcodobrikov"]
[Black "1g60-1"]
[Result "1-0"]
[WhiteElo "2606"]
[BlackElo "2329"]
[TimeControl "180+1"]
[EndTime "14:36:23 PDT"]
[Termination "marcodobrikov won on time"]

1. Nc3 e6 2. e4 d5 3. d4 Bb4 4. exd5 exd5 5. Bd3 Nc6 6. Ne2 Bg4 7. a3 Ba5 8. h3 Bxe2 9. Qxe2+ Nge7 10. Be3 O-O 11.
Qd2 Qd7 12. g4 Rfe8 13. O-O-O a6 14. b4 Nxb4 15. axb4 Bxb4 16. Kb2 Qc6 17. Ra1 b5 18. Kb3 Qd6 19. Bf4 Bxc3 20. Kxc3 Qb6 21. Be3 Nc6 22. Kb2 a5 23. h4 a4 24. g5 Na5 25. h5 Rab8 26. Qb4 Qa6 27. Kc1 Nc4 28. Bxc4 dxc4 29. Ra3 Qe6 30. h6 g6 31. Rh4 Qf5 32. Kb2 Rbc8 33.
Rf4 Qh3 34. Rf6 c5 35. dxc5 Qf1 36. Qc3 1-0

[Event "Late-Titled-Tuesday-Blitz-March-12-2024"]
[Site "Chess.com"]
[Date "2024.03.12"]
[Round "4"]
[White "Boundless_Strike"]
[Black "epiclord678"]
[Result "1-0"]
[WhiteElo "2598"]
[BlackElo "2410"]
[TimeControl "180+1"]
[EndTime "14:36:24 PDT"]
[Termination "Boundless_Strike won on time"]

1. d4 Nf6 2. f3 g6 3. e4 d6 4. Nc3 Bg7 5. Be3 O-O 6. Qd2 e5 7. Nge2 Nbd7 8. O-O-O Re8 9. h4 exd4 10. Nxd4 Ne5 11.
Bh6 Bh8 12. h5 a6 13. hxg6 hxg6 14. g4 c5 15. Nb3 Nxf3 16. Qf4 Ne5 17. Be2 Nfxg4 18.
Nd5 Be6 19. Bg5 f6 20. Rxh8+ Kxh8 21. Nxf6 Rf8 22. Rh1+ 1-0

[Event "Late-Titled-Tuesday-Blitz-March-12-2024"]
[Site "Chess.com"]
[Date "2024.03.12"]
[Round "4"]
[White "Mops_2004"]
[Black "sorch29"]
[Result "1-0"]
[WhiteElo "2815"]
[BlackElo "2454"]
[TimeControl "180+1"]
[EndTime "14:36:28 PDT"]
[Termination "Mops_2004 won by resignation"]

1. e4 c5 2. Nf3 Nc6 3. d4 cxd4 4. Nxd4 Nf6 5. Nc3 e5 6. Ndb5 d6 7. Bg5 a6 8. Na3 b5 9. Bxf6 gxf6 10. Nd5 f5 11. g3 fxe4 12. Bg2 Bg7 13. Bxe4 Be6 14.
O-O Rc8 15. Qh5 h6 16. Rad1 O-O 17. Ne3 Ne7 18. Nf5 Nxf5 19. Bxf5 Qe7 20. c3 d5 21. Nc2 Rfd8 22. Rd2 Rc6 23. Rfd1 Rcd6 24. Ne3 d4 25. cxd4 Rxd4 26. Rxd4 Rxd4 27. Rc1 Rd8 28. Bxe6 Qxe6 29. Nf5 Qg6 30. Ne7+ Kh7 31. Nxg6 fxg6 32. Qe2 1-0

[Event "Late-Titled-Tuesday-Blitz-March-12-2024"]
[Site "Chess.com"]
[Date "2024.03.12"]
[Round "4"]
[White "ChessFanNM"]
[Black "Yan_Dyomin2010"]
[Result "0-1"]
[WhiteElo "2272"]
[BlackElo "2691"]
[TimeControl "180+1"]
[EndTime "14:36:29 PDT"]
[Termination "Yan_Dyomin2010 won on time"]

1. Nf3 Nf6 2. c4 g6 3. Nc3 Bg7 4. e4 d6 5. d4 O-O 6. Be2 e5 7. O-O Bg4 8. Be3 Bxf3 9. Bxf3 exd4 10. Bxd4 Nc6 11. Be3 Re8 12. Qc2 Nd7 13. Rad1 Qc8 14. a3 a5 15. Nd5 Nc5 16. b4 axb4 17. axb4 Ne6 18. b5 Ncd4 19. Bxd4 Nxd4 20. Qd3 Ra2 21. h3 c6 22. bxc6 bxc6 23. Nb4 Rb2 24. Rb1 Rxb1 25.
Rxb1 Qc7 26. Bg4 h5 27. Bd1 Rb8 28. Na6 Rxb1 29. Qxb1 Qa5 30. Nb4 c5 31. Nd3 Qd2 32.
Kf1 Kh7 33. Kg1 Bf6 34. Kf1 Kg7 35. g3 h4 36. g4 Be5 37. Nxe5 dxe5 38. Ba4 Ne6 39.
Qc2 Qf4 40. Qd3 Ng5 41. Bc2 Nf3 42. Kg2 Ne1+ 0-1

[Event "Late-Titled-Tuesday-Blitz-March-12-2024"]
[Site "Chess.com"]
[Date "2024.03.12"]
[Round "4"]
[White "lamomiajunior"]
[Black "EsmeraldasAnderson03"]
[Result "1-0"]
[WhiteElo "2784"]
[BlackElo "2572"]
[TimeControl "180+1"]
[EndTime "14:36:32 PDT"]
[Termination "lamomiajunior won on time"]

1. d4 d5 2. c4 dxc4 3. e4 Nf6 4. e5 Nd5 5. Bxc4 Nb6 6. Bb3 Nc6 7. Be3 Bf5 8. Nc3 e6 9. a3 Qd7 10. Nge2 Be7 11. O-O O-O 12. Rc1 Na5 13. Bc2 Bg6 14.
Bxg6 hxg6 15. Ne4 Nac4 16. Qc2 Rac8 17. N2c3 c5 18. Rfd1 cxd4 19. Bxd4 Nd5 20. Qe2 Rfd8 21. g3 Ncb6 22. h4 Nxc3 23. Nxc3 Nd5 24. h5 gxh5 25.
Qxh5 g6 26. Qh3 Bg5 27. f4 Bxf4 28. gxf4 Nxf4 29. Qf3 Nh5 30. Kg2 Qe7 31. Be3 Rxd1 32. Rxd1 Qc7 33. Rd6 Qc4 34. Rd7 Rf8 35. Bh6 1-0

[Event "Late-Titled-Tuesday-Blitz-March-12-2024"]
[Site "Chess.com"]
[Date "2024.03.12"]
[Round "4"]
[White "Alex_Banzea"]
[Black "ATM622"]
[Result "1-0"]
[WhiteElo "2658"]
[BlackElo "2480"]
[TimeControl "180+1"]
[EndTime "14:36:34 PDT"]
[Termination "Alex_Banzea won by resignation"]

1. d4 Nf6 2. Nc3 d5 3. Bf4 e6 4. e3 Bb4 5. Bd3 c5 6. dxc5 Bxc5 7. Nf3 Nc6 8. O-O Bd6 9. Bxd6 Qxd6 10. e4 dxe4 11. Nxe4 Nxe4 12. Bxe4 Qxd1 13. Rfxd1 O-O 14. Bxc6 bxc6 15. Rd6 Rb8 16. b3 Bb7 17. Rad1 Rfc8 18. Rd7 f6 19. Nd4 Re8 20. Rc7 Red8 21. Rxg7+ Kh8 22.
Rd3 Rxd4 23. Rxb7 Rbd8 24. Rxd4 Rxd4 25. g3 Rd1+ 26. Kg2 Rd2 27. Rxa7 Rxc2 28. Rc7 Kg8 29.
a4 Rc3 30. b4 Rc4 31. a5 Rxb4 32. a6 Rb6 33. a7 Ra6 34. Rc8+ 1-0

[Event "Late-Titled-Tuesday-Blitz-March-12-2024"]
[Site "Chess.com"]
[Date "2024.03.12"]
[Round "4"]
[White "Stanbad1"]
[Black "Supergiuly"]
[Result "0-1"]
[WhiteElo "2520"]
[BlackElo "2369"]
[TimeControl "180+1"]
[EndTime "14:36:34 PDT"]
[Termination "Supergiuly won by resignation"]

1. d4 g6 2. Nc3 Bg7 3. e4 d6 4. Be3 Nd7 5. f3 Ngf6 6. Qd2 O-O 7.
O-O-O c5 8. dxc5 dxc5 9. Bxc5 b6 10. Be3 Bb7 11. h4 h5 12. Nh3 Rc8 13. Ng5 Qc7 14.
Kb1 Nc5 15. Be2 Rfd8 16. Qc1 Qg3 17. Bf4 Rxd1 18. Nxd1 Qxg2 19. Rh2 Qg1 20. Nh3 Qe1 21.
c3 Rd8 22. Kc2 Nfxe4 23. b4 Rxd1 24. Qxd1 Qxc3+ 0-1

[Event "Late-Titled-Tuesday-Blitz-March-12-2024"]
[Site "Chess.com"]
[Date "2024.03.12"]
[Round "4"]
[White "santosalberto1987"]
[Black "Heydarli77"]
[Result "0-1"]
[WhiteElo "2546"]
[BlackElo "2401"]
[TimeControl "180+1"]
[EndTime "14:36:35 PDT"]
[Termination "Heydarli77 won by checkmate"]

1. e4 c5 2. Nf3 e6 3. g3 a6 4. Bg2 Qc7 5. O-O b5 6. c3 Bb7 7. Re1 d6 8. d4 Nf6 9. Nbd2 Be7 10. Qe2 O-O 11. e5 Nd5 12. Ne4 Nd7 13. exd6 Bxd6 14. Nxd6 Qxd6 15. dxc5 Nxc5 16. Ne5 Rfd8 17. Bd2 Nf6 18.
Bxb7 Nxb7 19. Rad1 Qc7 20. Bg5 Rxd1 21. Rxd1 Nd5 22.
Bc1 Nd6 23. a4 Rb8 24. axb5 axb5 25. h4 h6 26. Nd3 Nc4 27. Nf4 Rd8 28. Nxd5 Rxd5 29.
Rxd5 exd5 30. Qe8+ Kh7 31. Qxb5 Qe5 32. Bf4 Qe1+ 33.
Kg2 Qe4+ 34. Kh2 g5 35. hxg5 hxg5 36. Bxg5 Ne5 37. Bf4 Ng4+ 38. Kh3 Nxf2+ 39. Kh4 Qh1+ 40. Kg5 Qh6+ 41. Kf5 Qe6+ 42. Kg5 Qg6+ 43. Kh4 Qg4# 0-1

[Event "Late-Titled-Tuesday-Blitz-March-12-2024"]
[Site "Chess.com"]
[Date "2024.03.12"]
[Round "4"]
[White "Kavyev_Ruslan"]
[Black "Danito1954"]
[Result "0-1"]
[WhiteElo "2505"]
[BlackElo "2307"]
[TimeControl "180+1"]
[EndTime "14:36:35 PDT"]
[Termination "Danito1954 won by resignation"]

1. d4 c5 2. d5 Nf6 3. Nc3 d6 4. e4 g6 5. Nf3 Bg7 6. Bb5+ Nbd7 7. a4 O-O 8. O-O a6 9. Be2 Rb8 10. h3 Ne8 11. a5 Nc7 12. Be3 b6 13. axb6 Nxb6 14.
Nd2 Nb5 15. Nxb5 axb5 16. Bxb5 Nxd5 17. exd5 Rxb5 18. b3 Bxa1 19. Qxa1 f6 20. Ne4 Bf5 21. Ng3 Bd7 22. Qc3 Qa5 23. Qd3 Ra8 24. Bd2 Qb6 25. Re1 Re8 26. Bc3 c4 27. bxc4 Rb1 28. Rxb1 Qxb1+ 29. Kh2 Qb6 30. Bd4 Qc7 31. Qe2 Kf7 32. Ne4 Rc8 33. g3 Qxc4 34. Qe3 Qxd5 35. Nc3 Qe6 36.
Qd3 Bc6 37. Ne2 Qe4 38. Qxe4 Bxe4 39. c3 Bf3 40. Ng1 Bd5 41. f4 e5 42. fxe5 dxe5 43.
Bf2 Rxc3 44. h4 Rc2 45. Nh3 Be6 0-1

[Event "Late-Titled-Tuesday-Blitz-March-12-2024"]
[Site "Chess.com"]
[Date "2024.03.12"]
[Round "4"]
[White "Boninknights"]
[Black "arenal72"]
[Result "0-1"]
[WhiteElo "2437"]
[BlackElo "2648"]
[TimeControl "180+1"]
[EndTime "14:36:37 PDT"]
[Termination "arenal72 won by resignation"]

1. d4 d6 2. Bg5 h6 3. Bh4 g5 4. Bg3 f5 5. e3 Nf6 6. Nd2 Bg7 7. Bc4 d5 8. Bd3 O-O 9. h4 g4 10. h5 Ne4 11. Nxe4 dxe4 12. Bc4+ Kh7 13. Ne2 c5 14. c3 Nc6 15. Nf4 Na5 16. Be2 e5 17. Ng6 exd4 18.
Nxf8+ Qxf8 19. cxd4 cxd4 20. Qd2 Nc6 21. exd4 Nxd4 22.
Rc1 Be6 23. Rc7 Rd8 24. Be5 Bf7 25. Qf4 Qb4+ 26. Kf1 Qxb2 27. Qxf5+ Nxf5 28. Bxb2 Rd2 29. Rxf7 Rxb2 30. Rxf5 Rb1+ 31. Bd1 Rxd1+ 32. Ke2 Rxh1 33. Rf7 Rb1 34. Rc7 Rb2+ 0-1

[Event "Late-Titled-Tuesday-Blitz-March-12-2024"]
[Site "Chess.com"]
[Date "2024.03.12"]
[Round "4"]
[White "Chempiblinka"]
[Black "WilsonPalencia21"]
[Result "0-1"]
[WhiteElo "2334"]
[BlackElo "2544"]
[TimeControl "180+1"]
[EndTime "14:36:37 PDT"]
[Termination "WilsonPalencia21 won on time"]

1. Nf3 c5 2. g3 g6 3. Bg2 Bg7 4. O-O Nc6 5. c4 Nf6 6. Nc3 O-O 7. d4 d6 8. dxc5 dxc5 9. Qa4 Qa5 10. Be3 Qxa4 11.
Nxa4 b6 12. Ne5 Nxe5 13. Bxa8 Bd7 14. Nxb6 axb6 15. Bg2 Nxc4 16. Bf4 Nh5 17. Bc1 b5 18. Rb1 Bf5 19. e4 Be6 20. b3 Ne5 21. f4 Nd3 22.
Be3 c4 23. bxc4 Bxc4 24. Rfd1 Ra8 25. e5 Rxa2 26. Be4 Ra3 27. Bc1 Nxc1 28. Rbxc1 e6 29. Bc6 Bf8 30. Rd8 Kg7 31. Kh1 Ra6 32. Bb7 Ra2 33.
Bg2 Ba3 34. Rb1 b4 35. Rc8 Bd3 36. Rd1 Bc2 37. Rd2 b3 0-1

[Event "Late-Titled-Tuesday-Blitz-March-12-2024"]
[Site "Chess.com"]
[Date "2024.03.12"]
[Round "4"]
[White "LikeWater"]
[Black "ITheOnlyME"]
[Result "1-0"]
[WhiteElo "2688"]
[BlackElo "2404"]
[TimeControl "180+1"]
[EndTime "14:36:38 PDT"]
[Termination "LikeWater won by resignation"]

1. e4 c5 2. Nf3 Nc6 3. Bc4 g6 4. c3 Nf6 5. e5 d5 6. Bb5 Ng4 7. Bxc6+ bxc6 8. d3 Bg7 9. Qe2 Qc7 10. Bf4 h5 11. h3 Nh6 12. Bh2 e6 13. O-O a5 14.
c4 Ba6 15. Nc3 Nf5 16. Na4 Bf8 17. Rac1 d4 18. Nd2 Be7 19. Ne4 Qa7 20. Nd6+ Bxd6 21. exd6 O-O 22. Qe5 Rfd8 23. Qf6 Rxd6 24. Be5 Kf8 25.
g4 hxg4 26. hxg4 1-0

[Event "Late-Titled-Tuesday-Blitz-March-12-2024"]
[Site "Chess.com"]
[Date "2024.03.12"]
[Round "4"]
[White "GaiozNigalidze"]
[Black "chess_blitz00"]
[Result "1-0"]
[WhiteElo "2708"]
[BlackElo "2447"]
[TimeControl "180+1"]
[EndTime "14:36:39 PDT"]
[Termination "GaiozNigalidze won on time"]

1. Nf3 d6 2. b3 c5 3. Bb2 Nc6 4. g3 e5 5. Bg2 Be6 6. d3 h6 7.
c4 Qd7 8. Nc3 g5 9. Nd2 Nge7 10.
h4 gxh4 11. Rxh4 Ng6 12. Rh2 Be7 13. Nd5 O-O-O 14. b4 Nxb4 15. Bc3 Bxd5 16. cxd5 Na6 17. Rb1 h5 18. e4 h4 19. Bh3 hxg3 20. Bxd7+ Kc7 21. Rxh8 g2 22. Qg4 Rxh8 23. Qxg2 Nf4 24. Qf3 Kxd7 25. Rxb7+ Ke8 26. Rxa7 Rh3 27. Qg4 Nxd3+ 28.
Kf1 Rh1+ 29. Kg2 Ne1+ 30. Kxh1 1-0

[Event "Late-Titled-Tuesday-Blitz-March-12-2024"]
[Site "Chess.com"]
[Date "2024.03.12"]
[Round "4"]
[White "Sokoloco"]
[Black "djano"]
[Result "0-1"]
[WhiteElo "2782"]
[BlackElo "2593"]
[TimeControl "180+1"]
[EndTime "14:36:41 PDT"]
[Termination "djano won on time"]

1. b3 e5 2. Bb2 Nc6 3. e3 d5 4. Nf3 f6 5. d4 e4 6. Nfd2 Nce7 7. c4 c6 8. f3 f5 9. Be2 Nf6 10. O-O g6 11. fxe4 Nxe4 12. cxd5 cxd5 13. Nxe4 fxe4 14. Nc3 Bh6 15. Bb5+ Bd7 16. Qe2 a6 17. Bxd7+ Qxd7 18. Ba3 Nf5 19. Nd1 O-O-O 20. Qe1 Kb8 21.
g4 Nd6 22. Qh4 Bg7 23. Nc3 Nb5 24. Nxb5 Qxb5 25. Rf7 Rd7 26. Bd6+ Ka8 27. Rxg7 Rxd6 28. Qe7 Rc6 29. Rf1 Rb8 30. Rf2 Qd3 31. Qg5 Rc3 32.
Qxd5 Qxe3 33. Rf7 Qe1+ 34. Kg2 e3 35. Rf1 Qe2+ 36. Kh3 Rc2 37. Qe5 Qg2+ 38. Kh4 h5 39. gxh5 g5+ 0-1

[Event "Late-Titled-Tuesday-Blitz-March-12-2024"]
[Site "Chess.com"]
[Date "2024.03.12"]
[Round "4"]
[White "jcibarra"]
[Black "Smoking_Crow"]
[Result "1-0"]
[WhiteElo "2925"]
[BlackElo "2626"]
[TimeControl "180+1"]
[EndTime "14:36:42 PDT"]
[Termination "jcibarra won by resignation"]

1. e4 e5 2. Nf3 Nc6 3. d4 exd4 4. Nxd4 Nf6 5. Nxc6 bxc6 6. Nd2 d5 7. exd5 cxd5 8. Bb5+ Bd7 9. Bxd7+ Qxd7 10. O-O Be7 11. b3 O-O 12. Bb2 c5 13. Qf3 d4 14.
Rad1 Qd5 15. Rfe1 Qxf3 16. Nxf3 Bd6 17. c3 dxc3 18. Bxc3 Rad8 19. Bxf6 gxf6 20. g3 a5 21. Re4 Bb8 22. Rc1 Rd5 23. Rc2 f5 24. Rec4 Bd6 25.
Kg2 Re8 26. Ra4 Bc7 27. Rac4 Bd6 28. h4 Re4 29. Rd2 Rxd2 30. Nxd2 Re2 31. Rc2 f4 32. Kf3 Re1 33. Ne4 Be7 34. Kxf4 a4 35. bxa4 Rd1 36.
Nxc5 Rd4+ 37. Ke5 Rb4 38. Kd5 f5 39. Kc6 Bxc5 40. Kxc5 Rxa4 41. Kb5 Ra3 42. Kb4 Rf3 43. a4 f4 44. a5 fxg3 45. fxg3 Rxg3 46. a6 Rg4+ 47.
Kb5 Rxh4 48. a7 1-0

[Event "Late-Titled-Tuesday-Blitz-March-12-2024"]
[Site "Chess.com"]
[Date "2024.03.12"]
[Round "4"]
[White "jocmil"]
[Black "Vadim_Galchenko"]
[Result "0-1"]
[WhiteElo "2775"]
[BlackElo "2592"]
[TimeControl "180+1"]
[EndTime "14:36:47 PDT"]
[Termination "Vadim_Galchenko won by resignation"]

1. b3 d5 2. Bb2 Bg4 3. f3 Bh5 4. Nh3 Nc6 5. Nf4 Bg6 6. h4 e5 7. Nxg6 hxg6 8. g3 Nf6 9. e3 g5 10. Bb5 Bd6 11. Qe2 gxh4 12. gxh4 Qe7 13. Nc3 a6 14. Ba4 e4 15. O-O-O exf3 16. Bxc6+ bxc6 17. Qxf3 O-O-O 18. Rdg1 g6 19. Ne2 Be5 20. Nd4 c5 21.
Nc6 Bxb2+ 22. Kxb2 Qd6 23. Nxd8 Rxd8 24. d3 c4 25.
dxc4 Ne4 26. Qf4 Qb4 27. Qe5 dxc4 28. Qxe4 c3+ 29. Kb1 Qxe4 0-1

[Event "Late-Titled-Tuesday-Blitz-March-12-2024"]
[Site "Chess.com"]
[Date "2024.03.12"]
[Round "4"]
[White "jk13"]
[Black "Machidon"]
[Result "1-0"]
[WhiteElo "2700"]
[BlackElo "2494"]
[TimeControl "180+1"]
[EndTime "14:36:50 PDT"]
[Termination "jk13 won by resignation"]

1. e4 c6 2. Nc3 d5 3. Nf3 Bg4 4. h3 Bxf3 5. Qxf3 e6 6. a3 Bc5 7. d3 Ne7 8. g3 Nd7 9. Bg2 a5 10. O-O a4 11. Qe2 O-O 12. Kh1 b5 13. f4 d4 14. Nb1 b4 15. axb4 Bxb4 16. Nd2 Qc7 17. Nc4 Nb6 18. Ne5 Ra7 19. h4 Rfa8 20. h5 a3 21. bxa3 Bxa3 22. Bd2 Bb2 23. Rxa7 Rxa7 24. h6 g6 25. Ng4 Nd7 26. Kh2 Ra1 27. Rf2 Bc1 28. Rf1 Bb2 29. Rxa1 Bxa1 30. Qe1 Qa7 31. Qb1 f6 32. Qb4 Kf7 33. Qd6 Qc5 34. Qxd7 Qxc2 35. Bb4 c5 36. Qc7 1-0

[Event "Late-Titled-Tuesday-Blitz-March-12-2024"]
[Site "Chess.com"]
[Date "2024.03.12"]
[Round "4"]
[White "MikaelyanArman"]
[Black "HaryKane"]
[Result "1-0"]
[WhiteElo "2829"]
[BlackElo "2602"]
[TimeControl "180+1"]
[EndTime "14:36:52 PDT"]
[Termination "MikaelyanArman won by resignation"]

1. Nf3 e6 2. g3 d5 3. Bg2 f5 4.
O-O Nf6 5. d3 Bd6 6. Nbd2 e5 7. e4 fxe4 8. dxe4 d4 9. Nc4 Qe7 10. c3 c5 11. cxd4 cxd4 12. Nxd4 O-O 13. Nf5 Bxf5 14. Qxd6 Qxd6 15. Nxd6 Be6 16. Nxb7 Nc6 17.
Be3 Rab8 18. Nc5 Bf7 19. b3 Ng4 20. Nd7 Rbd8 21. Nxf8 Rxf8 22. Bc5 Re8 23. Rfd1 h6 24.
Rac1 Bh5 25. f3 Nf6 26. Be3 Ne7 27. Rc7 a5 28. g4 Bf7 29. Bf1 Ng6 30. Bb5 Rb8 31.
Ba6 a4 32. Rc8+ Rxc8 33. Bxc8 axb3 34. axb3 Bxb3 35. Rd8+ Kh7 36. Bf5 Bf7 37. h4 h5 38.
Bg5 1-0

[Event "Late-Titled-Tuesday-Blitz-March-12-2024"]
[Site "Chess.com"]
[Date "2024.03.12"]
[Round "4"]
[White "BlueWizzard"]
[Black "Caisachess"]
[Result "1-0"]
[WhiteElo "2879"]
[BlackElo "2374"]
[TimeControl "180+1"]
[EndTime "14:36:54 PDT"]
[Termination "BlueWizzard won by checkmate"]

1. d4 Nf6 2. Nc3 d6 3. h3 g6 4. g4 Bg7 5. Bg2 c6 6. Bf4 Qb6 7. Qd2 Qxb2 8. Rb1 Qa3 9. e4 h5 10.
e5 dxe5 11. dxe5 Nfd7 12. Rb3 Qa5 13. e6 Ne5 14. exf7+ Kxf7 15. Nge2 hxg4 16. Qe3 Nbd7 17.
Kf1 Bf6 18. Ne4 Qxa2 19. Ng5+ Kg7 20. hxg4 Rxh1+ 21. Bxh1 Qxc2 22. Be4 Qd1+ 23. Kg2 Nxg4 24. Qh3 Bxg5 25. Qxg4 Bxf4 26. Qxg6+ Kf8 27. Rh3 e6 28. Nxf4 Ne5 29. Qf6+ Ke8 30. Rh8+ Kd7 31. Qd8# 1-0

[Event "Late-Titled-Tuesday-Blitz-March-12-2024"]
[Site "Chess.com"]
[Date "2024.03.12"]
[Round "4"]
[White "sergiochess83"]
[Black "Blitzstream"]
[Result "1-0"]
[WhiteElo "2898"]
[BlackElo "2729"]
[TimeControl "180+1"]
[EndTime "14:36:56 PDT"]
[Termination "sergiochess83 won by resignation"]

1. e4 d5 2. exd5 Qxd5 3. Nc3 Qa5 4. Bc4 Nf6 5. d3 c6 6. Bd2 Qc7 7. Qe2 b5 8. Bb3 Nbd7 9. Nf3 Nc5 10. Ne5 Nxb3 11. axb3 e6 12. O-O Bd6 13. f4 O-O 14. Rae1 Bb7 15. Qf2 a6 16. Qh4 c5 17.
Re3 Rad8 18. Rg3 Be7 19. Qh6 Ne8 20. Nd1 c4 21. bxc4 bxc4 22. Bc3 cxd3 23. Nc6 f6 24. Nxd8 Qxd8 25. cxd3 Rf7 26. Qh5 Nd6 27. Ne3 Nb5 28. Ng4 Qe8 29. Bxf6 Bc5+ 30. Qxc5 1-0

[Event "Late-Titled-Tuesday-Blitz-March-12-2024"]
[Site "Chess.com"]
[Date "2024.03.12"]
[Round "4"]
[White "akanga001"]
[Black "BebeBonito2022"]
[Result "0-1"]
[WhiteElo "2012"]
[BlackElo "2310"]
[TimeControl "180+1"]
[EndTime "14:36:57 PDT"]
[Termination "BebeBonito2022 won by checkmate"]

1. d4 Nf6 2. c4 e6 3. Nc3 Bb4 4. Qc2 O-O 5. a3 Bxc3+ 6. Qxc3 b6 7. f3 d5 8. cxd5 exd5 9. Bg5 Nbd7 10. e3 c5 11. Bd3 Re8 12. Ne2 h6 13. Bh4 Qe7 14.
Bf2 Bb7 15. O-O c4 16. Bf5 b5 17. Rae1 a5 18. Bb1 b4 19. axb4 axb4 20. Qc2 Nb6 21. Ng3 b3 22. Qe2 Ba6 23. Qd2 c3 24. Qxc3 Bxf1 25. Rxf1 Na4 26. Qxb3 Reb8 27. Qd3 Rxb2 28. Nh5 g6 29. Bh4 gxh5 30. Bxf6 Qxf6 31. Qh7+ Kf8 32. Rc1 Nb6 33. h3 Ra1 34. Kh2 Nc4 35. e4 Qg7 36.
Qf5 Qxg2# 0-1

[Event "Late-Titled-Tuesday-Blitz-March-12-2024"]
[Site "Chess.com"]
[Date "2024.03.12"]
[Round "4"]
[White "vi_pranav"]
[Black "stollenmonster"]
[Result "1-0"]
[WhiteElo "3046"]
[BlackElo "2862"]
[TimeControl "180+1"]
[EndTime "14:36:59 PDT"]
[Termination "vi_pranav won by resignation"]

1. e4 c5 2. Nf3 Nf6 3. Nc3 d5 4. Bb5+ Bd7 5. e5 Bxb5 6. exf6 Bc6 7. fxg7 Bxg7 8. O-O d4 9. Nb1 O-O 10. d3 e5 11. Re1 Nd7 12. Nbd2 f5 13. c3 Qf6 14. cxd4 cxd4 15. b3 Rae8 16. Ba3 Rf7 17. Nc4 Re6 18.
Bb2 Bf8 19. Rc1 Rg7 20. g3 f4 21.
Ncd2 fxg3 22. fxg3 Nc5 23. Rf1 Qh6 24. Nc4 Qh3 25.
Rc2 Reg6 26. Rff2 Rxg3+ 27. hxg3 Rxg3+ 28. Rg2 Bxf3 29. Qxf3 1-0

[Event "Late-Titled-Tuesday-Blitz-March-12-2024"]
[Site "Chess.com"]
[Date "2024.03.12"]
[Round "4"]
[White "Mikayel99"]
[Black "aa175"]
[Result "0-1"]
[WhiteElo "2561"]
[BlackElo "2732"]
[TimeControl "180+1"]
[EndTime "14:36:59 PDT"]
[Termination "aa175 won on time"]

1. e4 c5 2. Nf3 a6 3. c3 Nf6 4.
e5 Nd5 5. d4 d6 6. Bc4 e6 7. O-O b5 8. Bxd5 exd5 9. exd6 c4 10.
Re1+ Be6 11. Ng5 Qf6 12. Nxe6 fxe6 13. Qg4 Kd7 14. Nd2 Bxd6 15. Nf3 Nc6 16. Bg5 Qf5 17. Qxf5 exf5 18. Ne5+ Bxe5 19. dxe5 Ke6 20. Be3 h6 21.
f4 Rhg8 22. h4 h5 23. Rad1 Rh8 24. Bc5 Na5 25. Re2 Nb7 26. Bb6 Rac8 27. Red2 Rc6 28.
Be3 Rd8 29. a4 Na5 30. axb5 axb5 31. Rf2 Nb3 32. Rf3 g6 33. Rg3 Rg8 34. Re1 Ra6 35. Re2 Ra1+ 36. Kh2 Rb1 37. Rf3 Ra8 38. Rg3 Rg8 39. Rf3 Rd1 40. Rg3 Rf1 41. Rc2 Rg7 42. Bb6 Rxf4 43. Re2 Rxh4+ 0-1

[Event "Late-Titled-Tuesday-Blitz-March-12-2024"]
[Site "Chess.com"]
[Date "2024.03.12"]
[Round "4"]
[White "wannabe2700"]
[Black "artin10862"]
[Result "0-1"]
[WhiteElo "2612"]
[BlackElo "2899"]
[TimeControl "180+1"]
[EndTime "14:37:04 PDT"]
[Termination "artin10862 won on time"]

1. b3 d5 2. Bb2 Nc6 3. Nf3 Bg4 4.
e3 a6 5. h3 Bh5 6. d3 e6 7. Nbd2 Nf6 8. g4 Bg6 9. h4 h6 10. h5 Bh7 11. g5 hxg5 12. Nxg5 Bf5 13. e4 dxe4 14. dxe4 Bg4 15. Be2 Bxe2 16. Qxe2 Nd4 17.
Qd3 Nxh5 18. Nxf7 Nf4 19. Qf1 Rxh1 20. Qxh1 Kxf7 21. O-O-O Nde2+ 22. Kb1 Bb4 23. Nf3 Qe7 24. Rd7 Qxd7 25. Ne5+ Ke7 26. Qh4+ Kd6 27. Nxd7 Kxd7 28. Be5 Rf8 29. Qg5 Rf7 30. Bxg7 Nc3+ 31. Kb2 Nfe2 32. a3 Nd1+ 33. Ka2 Bc3 0-1

[Event "Late-Titled-Tuesday-Blitz-March-12-2024"]
[Site "Chess.com"]
[Date "2024.03.12"]
[Round "4"]
[White "Qingdom"]
[Black "N_Mullodzhanov"]
[Result "0-1"]
[WhiteElo "2273"]
[BlackElo "2518"]
[TimeControl "180+1"]
[EndTime "14:37:05 PDT"]
[Termination "N_Mullodzhanov won by checkmate"]

1. d4 Nf6 2. Bg5 g6 3. Bxf6 exf6 4. g3 d5 5. Bg2 Bg7 6. e3 O-O 7. Nd2 a5 8. Ne2 f5 9. O-O Nd7 10. c4 dxc4 11. Nxc4 c6 12. Nd6 Nf6 13. Nxc8 Qxc8 14.
Qb3 b5 15. Rac1 Ne4 16. Bxe4 fxe4 17. Rc5 Re8 18. Rfc1 Qg4 19. Nf4 Bh6 20. Ng2 a4 21. Qd1 Qxd1+ 22. Rxd1 Re6 23. Rdc1 Ra6 24. d5 cxd5 25.
Rxb5 Red6 26. Rd1 Rac6 27. Nf4 Bxf4 28. gxf4 Rc2 29. a3 f5 30. Rd4 Kg7 31. Rxa4 Rdc6 32.
Rd4 Re2 33. Rdxd5 Rc1+ 34. Kg2 Rcc2 35. Rd7+ Kh6 36. Rbb7 Rxf2+ 37. Kg1 Kh5 38. Rxh7+ Kg4 39. Rbg7 Kf3 40. Rh3+ Ke2 41. Rxg6 Rc1# 0-1

[Event "Late-Titled-Tuesday-Blitz-March-12-2024"]
[Site "Chess.com"]
[Date "2024.03.12"]
[Round "4"]
[White "remi04"]
[Black "BogdanDeac"]
[Result "0-1"]
[WhiteElo "2903"]
[BlackElo "3066"]
[TimeControl "180+1"]
[EndTime "14:37:06 PDT"]
[Termination "BogdanDeac won by resignation"]

1. c4 e6 2. Nc3 d5 3. e3 Nf6 4. Nf3 dxc4 5. Bxc4 a6 6. a4 c5 7. d4 Nc6 8. O-O Be7 9. Qe2 O-O 10. Rd1 Qc7 11.
dxc5 Bxc5 12. Bd2 b6 13. Rac1 Bb7 14. Bd3 Ne5 15. Nxe5 Qxe5 16. a5 bxa5 17. Na4 Ba7 18. Bc3 Qg5 19. g3 Ne4 20. Bxe4 Bxe4 21. Bd4 Qb5 22.
Qxb5 axb5 23. Bxa7 Rxa7 24. Nc3 Bf3 25. Nxb5 Rb7 26.
Nd6 Rxb2 27. Rd4 Rb4 28. Nc4 Rc8 0-1

[Event "Late-Titled-Tuesday-Blitz-March-12-2024"]
[Site "Chess.com"]
[Date "2024.03.12"]
[Round "4"]
[White "jefferyx"]
[Black "KuzubovYuriy"]
[Result "1-0"]
[WhiteElo "3092"]
[BlackElo "2909"]
[TimeControl "180+1"]
[EndTime "14:37:07 PDT"]
[Termination "jefferyx won by resignation"]

1. Nf3 d5 2. g3 Nf6 3. Bg2 c5 4. O-O e6 5. c4 d4 6. e3 Nc6 7. exd4 cxd4 8. d3 h6 9. Re1 Bb4 10. Re2 a5 11. Na3 Bc5 12. Nb5 Na7 13. Bf4 Nxb5 14. cxb5 Qb6 15. a4 Nd5 16. Rc1 Nxf4 17.
gxf4 O-O 18. Ne5 Bd6 19. Rec2 Qd8 20. Qe2 Rb8 21. Qe4 Bb4 22. Rc4 f6 23. Rxd4 Qe7 24. Ng6 Qe8 25. Nxf8 Bxf8 26. b6 Bd7 27. Rdc4 Bd6 28.
Qd4 Qe7 29. Rc7 Bxc7 30. Rxc7 Rd8 31. Bxb7 Qe8 32. Ba6 Bc6 33. Qxd8 Qxd8 34. Rc8 Qxc8 35. Bxc8 Kf7 36. b7 1-0

[Event "Late-Titled-Tuesday-Blitz-March-12-2024"]
[Site "Chess.com"]
[Date "2024.03.12"]
[Round "4"]
[White "The_Straightforward_Rook"]
[Black "scarabee43"]
[Result "0-1"]
[WhiteElo "2454"]
[BlackElo "2838"]
[TimeControl "180+1"]
[EndTime "14:37:08 PDT"]
[Termination "scarabee43 won by resignation"]

1. c4 Nf6 2. Nc3 e6 3. e4 d6 4. d4 g6 5. Be2 Bg7 6. h4 c5 7. d5 exd5 8. exd5 h5 9. Nf3 O-O 10.
O-O Bg4 11. Bf4 Re8 12. Re1 Ne4 13. Nxe4 Rxe4 14. Bg5 Qe8 15. Bd3 Bxf3 16. gxf3 Rxe1+ 17. Qxe1 Nd7 18. Qxe8+ Rxe8 19. Rb1 a5 20. Kf1 Bd4 21. b3 Kg7 22. Re1 Rxe1+ 23. Kxe1 Bf6 24. f4 Bc3+ 25.
Ke2 f6 26. f5 fxg5 27. hxg5 gxf5 28. Bxf5 Nf8 29. Bc8 b6 30. f4 Bb2 31. f5 Bc1 32. g6 Bb2 33. Kf3 Bf6 34. Kg3 Kh6 35. Kh3 Kg5 36.
Kg3 Be5+ 37. Kh3 Bc3 38. Kg3 Be1+ 39. Kh3 Kf6 40. Kg2 Bc3 41. Kh3 Ke7 42. Kg2 Nd7 43. Bxd7 Kxd7 44. Kh3 Bf6 45. Kg3 Ke7 46. Kf4 Kf8 47.
Kg3 Kg7 48. Kf4 Kh6 49. Kg3 Kg5 0-1